 Dungeon Crawl Stone Soup version 0.29.1-13-g9f3cf754e1 (webtiles) character file.

Game seed: 8128026939494990830

121 booth the Prestidigitator (level 5, -4/43 HPs)
             Began as a Gnoll Wanderer on Feb 4, 2023.
             Slain by a gnoll
             ... wielding a +3 flail
              (13 damage)
             ... on level 3 of the Dungeon.
             The game lasted 00:18:33 (2233 turns).

booth the Prestidigitator (Gnoll Wanderer)          Turns: 2233, Time: 00:18:34

Health: -4/43      AC:  4    Str: 14    XL:     5   Next: 5%
Magic:  7/7        EV: 11    Int:  8    God:
Gold:   89         SH:  4    Dex: 14    Spells: 6/6 levels left

rFire   . . .      SeeInvis .   a - +1 war axe
rCold   . . .      Faith    .   e - +0 buckler
rNeg    . . .      Spirit   .   d - +0 leather armour
rPois   .          Reflect  .   (no helmet)
rElec   .          Harm     .   o - +0 cloak
rCorr   .          Rampage  .   (no gloves)
Will    .....                   (no boots)
Stlth   ++........              (no amulet)
HPRegen 0.14/turn               (no ring)
MPRegen 0.10/turn               (no ring)

@: no status effects
A: fangs 1, strong nose, distributed training
a: no special abilities


You were on level 3 of the Dungeon.
You visited 1 branch of the dungeon, and saw 3 of its levels.

You collected 89 gold pieces.

Inventory:

Hand Weapons
 a - a +1 war axe (weapon)
 n - a +4 quarterstaff of chaos
Missiles
 r - 3 poisoned darts
Armour
 d - a +0 leather armour (worn)
 e - a +0 buckler (worn)
 h - a +0 ring mail
 o - a +0 cloak (worn)
Wands
 b - a wand of flame (3) (quivered)
Scrolls
 c - 2 scrolls of blinking
 g - a scroll of summoning
 j - 2 scrolls of noise {unknown}
 k - 2 scrolls of poison {unknown}
 m - a scroll of fear {unknown}
 p - a scroll of immolation {unknown}
Potions
 f - a potion of brilliance
 i - a potion of flight {unknown}
 l - a potion of mutation {unknown}
 q - a potion of berserk rage {unknown}
 s - a potion of curing {unknown}
 t - a potion of degeneration {unknown}
 u - a potion of invisibility {unknown}


   Skills:
 + Level 4.7 Fighting
 + Level 1.4 Short Blades
 + Level 1.4 Long Blades
 + Level 8.6 Axes
 + Level 1.4 Maces & Flails
 + Level 1.4 Polearms
 + Level 1.4 Staves
 + Level 1.4 Ranged Weapons
 + Level 1.4 Throwing
 + Level 1.4 Armour
 + Level 1.4 Dodging
 + Level 1.4 Stealth
 + Level 1.4 Shields
 + Level 1.4 Unarmed Combat
 + Level 1.4 Spellcasting
 + Level 1.1 Conjurations
 + Level 1.1 Hexes
 + Level 1.1 Summonings
 + Level 1.1 Necromancy
 + Level 1.1 Translocations
 + Level 1.1 Transmutations
 + Level 1.1 Fire Magic
 + Level 1.1 Ice Magic
 + Level 1.1 Air Magic
 + Level 1.1 Earth Magic
 + Level 1.1 Poison Magic
 + Level 1.5 Invocations
 + Level 8.6 Evocations


You had 6 spell levels left.
You didn't know any spells.
Your spell library contained the following spells:

 Spells                   Type           Power      Damage    Failure   Level
 Blink                    Tloc           4%         N/A       52%         2
 Inner Flame              Hex/Fire       2%         N/A       77%         3
 Lesser Beckoning         Tloc           2%         N/A       77%         3
 Cause Fear               Hex            1%         N/A       99%         4
 Manifold Assault         Tloc           2%         N/A       100%        5
 Discord                  Hex            1%         N/A       100%        8


Dungeon Overview and Level Annotations

Branches:
Dungeon (3/15)

Altars:
Trog


Innate Abilities, Weirdness & Mutations

You have very sharp teeth.
Your uncanny sense of smell can sniff out nearby items.
Your experience applies equally to all skills.


Message History

Press: ? - help, Q - select action, (/) - cycle Shift-Dir - straight line, f - gnoll
Aim: a gnoll, wielding a +0 spear (64% to hit)
You throw a poisoned dart. The poisoned dart hits the gnoll.
The gnoll is poisoned.
Throw: 4 darts (poison)
Press: ? - help, Q - select action, (/) - cycle Shift-Dir - straight line, f/p - gnoll
Aim: a gnoll, wielding a +0 spear (poisoned, 64% to hit)
You throw a poisoned dart.
The poisoned dart barely misses the gnoll.
The gnoll shouts!
The gnoll hits you from afar with a +0 spear!
The gnoll looks more healthy.
The gnoll hits you from afar with a +0 spear.
The gnoll misses you.
You slash the gnoll! Your bite misses the gnoll.
The gnoll is heavily wounded.
The gnoll completely misses you.
You hit the gnoll but do no damage. You bite the gnoll.
The gnoll is severely wounded.
You block the gnoll's attack.
You hit the gnoll but do no damage.
The gnoll is severely wounded.
The gnoll closely misses you.
The gnoll hits you from afar with a +0 spear.
You closely miss the gnoll. You bite the gnoll.
The gnoll is lightly wounded.
You hit the gnoll. You block the gnoll's attack.
The gnoll hits you from afar with a +0 spear.
The gnoll hits you with a +3 flail. The gnoll attacks as you move away!
The gnoll hits you with a +0 club. You block the gnoll's attack.
The gnoll completely misses you. The gnoll hits you with a +0 club.
The gnoll barely misses you. You block the gnoll's attack.
You slash the gnoll!
The gnoll is severely wounded.
You closely miss the gnoll. You barely miss the gnoll.
The gnoll barely misses you. The gnoll hits you with a +0 spear.
* * * LOW HITPOINT WARNING * * *
The gnoll hits you with a +3 flail!
You die...

............# #..#####
............#######..##
............##..##....#
............#...)'....#
............#...)##.†##
....#.....####..###+#'.
.##..(...##..#'##...##.
.....#.g.#..).##.....##
...K.#@g.#)...#......(#
.....#.g)##..##...8...#
.... #....##'##[......#
.## #######.†##.....##
#....##...##'
#....'#)###..
##..##†.##...
####....'..) #....##..


You could see 3 gnolls.

Vanquished Creatures
  Crazy Yiuf (D:2)
  2 adders (D:3)
  6 worms
  2 orcs (D:3)
  8 ball pythons
  4 endoplasms
  3 goblins
  7 hobgoblins
  11 kobolds
  3 quokkas
  4 bats
  3 frilled lizards
  6 rats
60 creatures vanquished.

Notes
Turn   | Place    | Note
-------+----------+-------------------------------------------
     0 | D:1      | booth the Gnoll Wanderer began the quest for the Orb.
     0 | D:1      | booth set off with the following items: a +1 war axe, a
                  | wand of flame (3), a scroll of blinking, a +0 leather
                  | armour.
     0 | D:1      | Reached XP level 1. HP: 20/20 MP: 1/1
   240 | D:1      | Reached XP level 2. HP: 26/26 MP: 2/2
   330 | D:1      | Found a faded altar of an unknown god.
   896 | D:2      | Found a runed translucent door.
   897 | D:2      | Noticed Crazy Yiuf
   980 | D:2      | Reached XP level 3. HP: 25/31 MP: 3/3
  1292 | D:2      | Reached skill level 1 in Invocations
  1670 | D:2      | Killed Crazy Yiuf
  1671 | D:2      | Reached skill level 1 in Short Blades
  1671 | D:2      | Reached skill level 1 in Long Blades
  1671 | D:2      | Reached skill level 1 in Maces & Flails
  1671 | D:2      | Reached skill level 1 in Polearms
  1671 | D:2      | Reached skill level 1 in Staves
  1671 | D:2      | Reached skill level 1 in Ranged Weapons
  1671 | D:2      | Reached skill level 1 in Throwing
  1671 | D:2      | Reached skill level 1 in Armour
  1671 | D:2      | Reached skill level 1 in Dodging
  1671 | D:2      | Reached skill level 1 in Stealth
  1671 | D:2      | Reached skill level 1 in Shields
  1671 | D:2      | Reached skill level 1 in Unarmed Combat
  1671 | D:2      | Reached skill level 1 in Spellcasting
  1671 | D:2      | Reached XP level 4. HP: 35/38 MP: 5/5
  1805 | D:3      | Found a bloodstained altar of Trog.
  1947 | D:3      | Reached skill level 1 in Conjurations
  1947 | D:3      | Reached skill level 1 in Hexes
  1947 | D:3      | Reached skill level 1 in Summonings
  1947 | D:3      | Reached skill level 1 in Necromancy
  1947 | D:3      | Reached skill level 1 in Translocations
  1947 | D:3      | Reached skill level 1 in Transmutations
  1947 | D:3      | Reached skill level 1 in Fire Magic
  1947 | D:3      | Reached skill level 1 in Ice Magic
  1947 | D:3      | Reached skill level 1 in Air Magic
  1947 | D:3      | Reached skill level 1 in Earth Magic
  1947 | D:3      | Reached skill level 1 in Poison Magic
  2083 | D:3      | Reached XP level 5. HP: 39/43 MP: 7/7
  2233 | D:3      | Slain by a gnoll

Illustrated notes

Levels and vault maps discovered:
D:1:      wander_arrival_peaceful_grave, layout_rooms,
          nicolae_ecumenical_snake_handling
D:2:      layout_basic, serial_park_tiny_pond, uniq_crazy_yiuf_cottage
D:3:      minmay_bubble_buster, layout_rooms,
          mainiacjoe_overflow_six_doors_small, roderic_lattice_a,
          minmay_bisected, uniq_grinder

Skill      XL: |  1  2  3  4 |
---------------+-------------+-----
Invocations    | 1 |  1.5
Short Blades   | 1 |  1.4
Long Blades    | 1 |  1.4
Maces & Flails | 1 |  1.4
Polearms       | 1 |  1.4
Staves         | 1 |  1.4
Ranged Weapons | 1 |  1.4
Throwing       | 1 |  1.4
Armour         | 1 |  1.4
Dodging        | 1 |  1.4
Stealth        | 1 |  1.4
Shields        | 1 |  1.4
Unarmed Combat | 1 |  1.4
Spellcasting   | 1 |  1.4
Conjurations   | 1 |  1.1
Hexes          | 1 |  1.1
Summonings     | 1 |  1.1
Necromancy     | 1 |  1.1
Translocations | 1 |  1.1
Transmutations | 1 |  1.1
Fire Magic     | 1 |  1.1
Ice Magic      | 1 |  1.1
Air Magic      | 1 |  1.1
Earth Magic    | 1 |  1.1
Poison Magic   | 1 |  1.1
Fighting       | |  4.7
Axes           | |  8.6
Evocations     | |  8.6

Action                   |  1- 3 |  4- 6 || total
-------------------------+-------+-------++-------
Melee: War axe           |    79 |    59 ||   138
       Bite              |    10 |     4 ||    14
Throw: Dart              |       |     2 ||     2
  Use: Scroll            |     2 |       ||     2
 Stab: Sleeping          |       |     3 ||     3
Armor: Leather armour    |    19 |    13 ||    32
Dodge: Dodged            |    28 |    27 ||    55
Block: Buckler           |     2 |    13 ||    15
